 Dungeon Crawl Stone Soup version 0.30-a0-578-gdee14c521f (webtiles) character file.

Game seed: 13734803160323453743

1750 Newt the Sneak (level 8, -1/60 HPs)
             Began as a Demonspawn Gladiator on Dec 31, 2022.
             Was an Initiate of Gozag.
             Shot with an arrow by a centaur (14 damage)
             ... on level 6 of the Dungeon.
             The game lasted 00:08:18 (6352 turns).

Newt the Sneak (Demonspawn Gladiator)               Turns: 6352, Time: 00:08:19

Health: -1/60      AC:  7    Str: 17    XL:     8   Next: 78%
Magic:  8/8        EV: 13    Int: 10    God:    Gozag
Gold:   222        SH:  5    Dex: 16    Spells: 7/7 levels left

rFire   . . .      SeeInvis .    i - +2 dagger (drain)
rCold   . . .      Faith    .    (no shield)
rNeg    . . .      Spirit   .    b - +0 leather armour
rPois   .          Reflect  +    c - +0 helmet
rElec   .          Harm     .    (no cloak)
rCorr   .          Rampage  .    (no gloves)
Will    .....                    s - +2 pair of boots
Stlth   ++++                     o - amulet of reflection
HPRegen 0.30/turn                (no ring)
MPRegen 0.11/turn                (no ring)

@: no status effects
A: claws 1, thin skeletal structure 1, demonic guardian 1, foul stench 1
a: Renounce Religion, Potion Petition, Call Merchant, Bribe Branch


You were on level 6 of the Dungeon.
You worshipped Gozag.
Gozag was aware of your devotion.
You visited 1 branch of the dungeon, and saw 6 of its levels.

You collected 333 gold pieces.
You paid 111 gold pieces to Gozag.

Inventory:

Hand Weapons
 a - a +0 rapier
 i - a +2 dagger of draining (weapon)
Missiles
 d - a throwing net
 e - a javelin
 g - 4 atropa-tipped darts (quivered)
 t - 2 poisoned darts
Armour
 b - a +0 leather armour (worn)
 c - a +0 helmet (worn)
 s - a +2 pair of boots (worn)
Jewellery
 k - an amulet of faith
 o - an amulet of reflection (around neck)
 p - a ring of fire
Wands
 r - a wand of flame (20)
Scrolls
 h - 3 scrolls of teleportation
 l - a scroll of immolation
 q - a scroll of enchant armour
 v - a scroll of amnesia
 x - a scroll of brand weapon
 y - a scroll of fog {unknown}
Potions
 f - a potion of brilliance
 j - a potion of attraction
 n - a potion of heal wounds
 u - a potion of invisibility {unknown}
 w - a potion of haste {unknown}
 z - 2 potions of magic {unknown}


   Skills:
 - Level 4.0 Fighting
 + Level 5.5 Short Blades
 - Level 1.7 Throwing
 - Level 3.0 Armour
 - Level 4.0 Dodging
 - Level 6.0 Stealth
 - Level 5.0 Evocations


You had 7 spell levels left.
You didn't know any spells.
Your spell library contained the following spells:

 Spells                   Type           Power      Damage    Failure   Level
 Blink                    Tloc           0%         N/A       56%         2
 Momentum Strike          Conj/Tloc      0%         3d8       56%         2
 Lesser Beckoning         Tloc           0%         N/A       80%         3


Dungeon Overview and Level Annotations

Branches:
Dungeon (6/15)
 Temple: D:4-7

Altars:
Ashenzari
Gozag
Kikubaaqudgha
Trog
Wu Jian


Innate Abilities, Weirdness & Mutations

You have sharp fingernails.
You have a somewhat thin skeletal structure. (Dex +2, Stealth+)
A weak demonic guardian rushes to your aid.
You may rarely emit foul miasma when damaged in melee.


Message History

The centaur shoots an arrow.
The arrow hits you.
The centaur wields a +0 shortbow.
The centaur shoots an arrow.
The arrow barely misses you.
The centaur shoots an arrow.
The arrow hits you.
Throw: 5 darts (poison)
Press: ? - help, Shift-Dir - straight line, f/p - centaur
Aim: a centaur, wielding a +0 shortbow (72% to hit)
You throw a poisoned dart. The poisoned dart hits the centaur.
The centaur is poisoned.
The centaur shoots an arrow.
The arrow closely misses you.
The centaur shoots an arrow.
The arrow hits you!
You hear a shout!
Throw: 4 darts (poison)
Press: ? - help, Shift-Dir - straight line, f/p - centaur
Aim: a centaur, wielding a +0 shortbow (poisoned, 72% to hit)
You throw a poisoned dart. The poisoned dart hits the centaur.
The centaur shoots an arrow.
You reflect the arrow off an invisible shield around you!
The arrow hits the centaur.
A centaur comes into view.
The centaur shoots an arrow.
The arrow hits you.
The centaur shoots an arrow.
The arrow hits you!
The centaur shoots an arrow.
The arrow closely misses you.
Throw: 3 darts (poison)
Press: ? - help, Shift-Dir - straight line, f/p - centaur
Aim: a centaur, wielding a +0 shortbow (moderately wounded, poisoned, 72% to hit)
You throw a poisoned dart. The poisoned dart hits the centaur.
The centaur looks even sicker.
The centaur is moderately wounded.
The centaur shoots an arrow.
The arrow misses you.
The centaur wields a +0 shortbow.
The centaur shoots an arrow.
The arrow hits you.
A centaur comes into view.
The centaur shoots an arrow.
The arrow hits you.
The centaur wields a +0 shortbow.
The centaur shoots an arrow.
The arrow hits you.
The centaur shoots an arrow.
The arrow hits you but does no damage.
The centaur shoots an arrow.
The arrow hits you.
* * * LOW HITPOINT WARNING * * *
The centaur shoots an arrow.
The arrow hits you!
You die...
Your body crumbles into a pile of gold.

♣.....#⌠##⌠#.... .......
♣......####..... .........
♣♣......##...... .........
♣♣.....##.....♣
........####♣♣....##^...♣♣
........##.##♣♣...##...♣♣#
........##..##♣♣......♣♣##
........##...##♣♣♣..♣♣♣##.
.........@....####''####..
...≈≈≈≈....[..........##.#
≈≈≈≈≈≈≈≈..........#...##.#
≈≈≈≈≈≈≈≈≈≈≈≈......#.......
≈≈≈≈≈≈≈≈≈≈≈≈≈≈≈...#.......
≈.c≈≈≈≈≈≈≈≈≈≈≈≈≈..#.......
.(c$.≈≈≈≈≈≈≈≈≈≈≈..####...)
..cc..≈≈≈≈≈≈≈≈≈≈... ......
.#+#..≈≈≈≈≈≈≈≈≈≈..........


You could see 4 centaurs.

Vanquished Creatures
  Sigmund (D:3)
  Menkaure (D:4)
  2 water moccasins
  An ice beast (D:6)
  3 black bears
  A centaur (D:6)
  4 scorpions
  A howler monkey (D:5)
  4 hounds (D:5)
  A jelly (D:4)
  2 orc priests
  An orc wizard (D:5)
  8 gnolls (D:5)
  8 adders
  A shadow imp (D:6)
  A white imp (D:5)
  2 ufetubi
  A worm (D:2)
  A dart slug (D:2)
  11 orcs
  7 bats
  3 endoplasms
  2 giant cockroaches
  8 goblins
  6 hobgoblins
  9 jackals
  10 kobolds
  5 quokkas
  9 ball pythons
  6 frilled lizards
  5 rats
125 creatures vanquished.

Vanquished Creatures (collateral kills)
  A giant cockroach (D:4)
1 creature vanquished.

Grand Total: 126 creatures vanquished

Notes
Turn   | Place    | Note
-------+----------+-------------------------------------------
     0 | D:1      | Newt the Demonspawn Gladiator began the quest for the Orb.
     0 | D:1      | Reached XP level 1. HP: 16/16 MP: 1/1
    88 | D:1      | Reached skill level 1 in Stealth
   120 | D:1      | Gained mutation: You may rarely emit foul miasma when
                  | damaged in melee. [demonic ancestry]
   120 | D:1      | Reached XP level 2. HP: 18/22 MP: 2/2
   266 | D:1      | Reached skill level 2 in Stealth
   468 | D:1      | Found a faded altar of an unknown god.
   675 | D:2      | Reached XP level 3. HP: 28/28 MP: 3/3
  1510 | D:3      | Gained mutation: A weak demonic guardian rushes to your
                  | aid. [demonic ancestry]
  1510 | D:3      | Reached XP level 4. HP: 37/37 MP: 4/4
  1554 | D:3      | Found an ancient bone altar of Kikubaaqudgha.
  1627 | D:3      | Noticed Sigmund
  1708 | D:3      | Killed Sigmund
  1709 | D:3      | Gained mutation: You have a somewhat thin skeletal
                  | structure. (Dex +2, Stealth+) [demonic ancestry]
  1709 | D:3      | Reached XP level 5. HP: 28/42 MP: 5/5
  1905 | D:3      | Reached XP level 6. HP: 48/48 MP: 6/6
  2233 | D:4      | Noticed a water moccasin
  2588 | D:4      | Killed a water moccasin
  2589 | D:4      | Reached skill level 3 in Stealth
  3003 | D:4      | Reached skill level 4 in Stealth
  3150 | D:4      | Noticed Menkaure
  3162 | D:4      | Killed Menkaure
  3163 | D:4      | Reached XP level 7. HP: 30/54 MP: 7/7
  3281 | D:4      | Found a bloodstained altar of Trog.
  3312 | D:4      | Reached skill level 5 in Stealth
  3315 | D:4      | Reached skill level 6 in Stealth
  3486 | D:4      | Found an ornate altar of the Wu Jian Council.
  3659 | D:5      | Entered Level 5 of the Dungeon
  3669 | D:5      | Reached skill level 1 in Evocations
  4034 | D:5      | Gained mutation: You have sharp fingernails. [demonic
                  | ancestry]
  4034 | D:5      | Reached XP level 8. HP: 37/60 MP: 8/8
  5053 | D:5      | Found a broken altar of Ashenzari.
  5116 | D:5      | Reached skill level 5 in Evocations
  5116 | D:5      | Reached skill level 1 in Armour
  5591 | D:6      | Found an opulent altar of Gozag.
  5633 | D:6      | Became a worshipper of Gozag Ym Sagoz the Greedy
  5858 | D:6      | Reached skill level 5 in Short Blades
  5882 | D:6      | HP: 2/60 [orc priest/nerve-wracking pain (3)]
  6352 | D:6      | Shot with an arrow by a centaur

Illustrated notes

Levels and vault maps discovered:
D:1:      heliophobic_arrival_battle_scene, layout_basic,
          ebering_ecumenical_altar_sacrificial
D:2:      layout_basic
D:3:      layout_rooms, mainiacjoe_overflow_cross_hatched, glass_columns_b,
          minmay_misc_feat_roman, uniq_sigmund
D:4:      layout_loops_ring, minitemple, trog_ov_bears_minmay, uniq_menkaure
D:5:      layout_loops_cross, ashenzari_altar_1, wad_floor_pattern_2,
          minmay_crossroads
D:6:      layout_basic, grunt_gozag_statues, minmay_temple_entry_nine_rooms,
          kennysheep_cross_room, serial_bayou_pond_e, centaur_isle

Skill      XL: |  1  2  3  4  5  6  7  8 |
---------------+-------------------------+-----
Stealth        | 1 2 4 6 |  6.0
Fighting       | 3 4 |  4.0
Short Blades   | 4 5 |  5.5
Dodging        | 3 4 |  4.0
Evocations     | 3 5 |  5.0
Armour         | 3 |  3.0
Throwing       | |  1.7

Action                   |  1- 3 |  4- 6 |  7- 9 || total
-------------------------+-------+-------+-------++-------
Melee: Rapier            |    35 |       |       ||    35
       Dagger            |    84 |   100 |   219 ||   403
       Punch             |     1 |     1 |     3 ||     5
       Unarmed           |       |       |    28 ||    28
Throw: Throwing net      |       |     4 |     1 ||     5
       Dart              |       |     3 |     4 ||     7
       Javelin           |       |     1 |     2 ||     3
Evoke: Wand              |       |     5 |     1 ||     6
  Use: Scroll            |     2 |       |     6 ||     8
       Potion            |       |     2 |     2 ||     4
 Stab: Sleeping          |     2 |     5 |     8 ||    15
       Held in net/web   |       |     2 |       ||     2
Armor: Leather armour    |    30 |    10 |    79 ||   119
Dodge: Dodged            |    79 |    37 |   173 ||   289
Block: Other             |    10 |    12 |    58 ||    80
       Reflection        |       |       |     1 ||     1

Table legend: (Time is in decaauts)
 A = Elapsed time spent in this place.
 B = Non-inter-level travel time spent in this place.
 C = Inter-level travel time spent in this place.
 D = Time resting spent in this place.
 E = Time spent auto-exploring this place.
 F = Levels seen in this place.
 G = Mean time per level.
                   A        B        C        D        E       F      G
               +--------+--------+--------+--------+--------+-----+--------+
         Total |   6281 |   6147 |    134 |   1848 |   3252 |   6 | 1046.8 |
       Dungeon |   6281 |   6147 |    134 |   1848 |   3252 |   6 | 1046.8 |
               +--------+--------+--------+--------+--------+-----+--------+

Top non-repeatable levels by time:
     D:5: 2264 daAuts
     D:4: 1107 daAuts
     D:3: 1058 daAuts
     D:2: 852 daAuts
     D:1: 607 daAuts
     D:6: 391 daAuts
